 Dungeon Crawl Stone Soup version 0.30-a0-777-ga9a30cbeda (webtiles) character file.

Game seed: 12145915232925974940

7 lunkers the Insei (level 2, 0/23 HPs)
             Began as a Meteoran Transmuter on Feb 13, 2023.
             Slain by a jackal (1 damage)
             ... on level 1 of the Dungeon.
             The game lasted 00:00:20 (79 turns).

lunkers the Insei (Meteoran Transmuter)               Turns: 79, Time: 00:00:21

Health: 0/23       AC:  2    Str: 11    XL:     2   Next: 17%
Magic:  6/6        EV: 12    Int: 14    God:
Gold:   0          SH:  0    Dex: 14    Spells: 5/6 levels left

rFire   . . .      SeeInvis .      - Unarmed
rCold   . . .      Faith    .    (no shield)
rNeg    . . .      Spirit   .    a - +0 robe
rPois   .          Reflect  .    (no helmet)
rElec   .          Harm     .    (no cloak)
rCorr   .          Rampage  .    (no gloves)
Will    .....                    (no boots)
Stlth   +                        (no amulet)
HPRegen 0.23/turn                (no ring)
MPRegen 0.10/turn                (no ring)

@: glowing
A: sense surroundings 1, otherworldly, glowing, explore regen
a: no special abilities


You were on level 1 of the Dungeon.
You visited 1 branch of the dungeon, and saw 1 of its levels.

Inventory:

Armour
 a - a +0 robe (worn)
Potions
 b - a potion of lignification


   Skills:
 - Level 1.1 Fighting
 - Level 2.4 Dodging
 * Level 4.2 Unarmed Combat
 - Level 2.6 Spellcasting
 - Level 2.4 Transmutations


You had 5 spell levels left.
You knew the following spells:

 Your Spells              Type           Power      Damage    Failure   Level
p - Beastly Appendage     Tmut           16%        N/A       9%          1

Your spell library contained the following spells:

 Spells                   Type           Power      Damage    Failure   Level
 Wereblood                Tmut           8%         N/A       12%         2
 Spider Form              Tmut/Pois      5%         N/A       38%         3
 Ice Form                 Ice/Tmut       5%         N/A       80%         4


Dungeon Overview and Level Annotations

Branches:
Dungeon (1/15) Zot: 522

Altars:


Innate Abilities, Weirdness & Mutations

You passively map a small area around you.
You are easily found by Zot.
You glow in the dark.
You regain HP and MP as you explore.


Message History

You barely miss the jackal. The jackal bites you.
* * * LOW HITPOINT WARNING * * *
The jackal bites you but does no damage.
You hit the jackal but do no damage. The jackal misses you.
You hit the jackal but do no damage. Your kick misses the jackal.
The jackal misses you.
You hit the jackal.
You kill the jackal!
Your Unarmed Combat skill increases to level 4!
You barely miss the jackal. Your headbutt misses the jackal.
The jackal closely misses you. The jackal barely misses you.
You closely miss the jackal. Your kick misses the jackal.
You headbutt the jackal.
You kill the jackal!
You have reached level 2!
You hit the jackal.
The jackal is almost dead.
The jackal closely misses you.
You hit the jackal.
You kill the jackal!
The jackal bites you.
* * * LOW HITPOINT WARNING * * *
You hit the jackal but do no damage.
Your horns disappear.
Your talons disappear.
The jackal bites you but does no damage.
You hit the jackal.
The jackal is lightly wounded.
The jackal bites you but does no damage.
You hit the jackal but do no damage.
The jackal is lightly wounded.
The jackal closely misses you. The jackal bites you.
* * * LOW HITPOINT WARNING * * *
You barely miss the jackal.
The jackal is lightly wounded.
The jackal bites you.
* * * LOW HITPOINT WARNING * * *
You barely miss the jackal.
The jackal is lightly wounded.
The jackal bites you.
You die...

* , ........h , ,
.....#h# .# ,
####......##.# , * ,*
........h...## ,* , ,
# #..........., ** *
#. #...)...# # , * *
,, #.##....##.##.#.# *
** , ,
##.......##....... , ,
, #.....#..h@....... ,
,
,.##.###.#.##########
* ..........#
##..<..## ,
....#.#.### #..###..#
#......# #.......# *,
, , ##.....# ##.....##
, #.....## ###'### ,,
#......######†########
#.....................


You could see a jackal.

Vanquished Creatures
  3 jackals (D:1)
  A quokka (D:1)
  A ball python (D:1)
  A bat (D:1)
6 creatures vanquished.

Notes
Turn   | Place    | Note
-------+----------+-------------------------------------------
     0 | D:1      | lunkers the Meteoran Transmuter began the quest for the
                  | Orb.
     0 | D:1      | Reached XP level 1. HP: 16/16 MP: 5/5
    71 | D:1      | Reached skill level 4 in Unarmed Combat
    73 | D:1      | Reached XP level 2. HP: 5/23 MP: 6/6
    78 | D:1      | HP: 1/23 [jackal (3)]
    79 | D:1      | Slain by a jackal

Illustrated notes

Levels and vault maps discovered:
D:1:      dpeg_arrival_renting, layout_basic

Skill      XL: |  1 |
---------------+----+-----
Unarmed Combat | 4 |  4.2
Fighting       | |  1.1
Dodging        | |  2.4
Spellcasting   | |  2.6
Transmutations | |  2.4

Action                     || total
---------------------------++-------
  Melee: Unarmed           ||    29
         Kick              ||     2
         Headbutt          ||     1
   Cast: Beastly Appendage ||     2
 Armour: Robe              ||     9
  Dodge: Dodged            ||    15

Table legend: (Time is in decaauts)
 A = Elapsed time spent in this place.
 B = Non-inter-level travel time spent in this place.
 C = Inter-level travel time spent in this place.
 D = Time resting spent in this place.
 E = Time spent auto-exploring this place.
 F = Levels seen in this place.
 G = Mean time per level.
                   A        B        C        D        E       F      G
               +--------+--------+--------+--------+--------+-----+--------+
         Total |     76 |     76 |      0 |      0 |     33 |   1 |   76.0 |
       Dungeon |     76 |     76 |      0 |      0 |     33 |   1 |   76.0 |
               +--------+--------+--------+--------+--------+-----+--------+

Top non-repeatable levels by time:
     D:1: 76 daAuts
